Map: Orbital Shipyard

Players

LilDicky

  • Race: Terran Terran
  • League: Diamond

ImbaForceMVP - Winner!

  • Race: Terran Terran
  • League: Diamond

VOD

http://www.twitch.tv/tumescentpie

Description

Time

  • Played on: Dec. 4, 2015, 1:43 p.m.
  • Length: 7:19
Show
View Real Time Build Order
Export as new Build Order

LilDicky Terran 

Build Orders: Mech, Banshee Rush 

Get SALT Encoding   

  12  0:02  SCV  
  13  0:14  SCV  
  13  0:19  Supply Depot  
  14  0:26  SCV  
  15  0:33  Refinery  
  15  0:44  SCV  
  15  0:47  Barracks  
  16  0:59  SCV  
  17  1:11  SCV  
  18  1:23  SCV  
  19  1:34  Reaper  
  19  1:35  Supply Depot  
  19  1:37  Orbital Command  
  20  1:41  Refinery  
  20  2:02  SCV  
  20  2:04  Factory  
  20  2:07  Supply Depot  
  21  2:14  Reaper  
  21  2:20  SCV  
  22  2:36  SCV  
  23  2:47  Supply Depot  
  23  2:48  SCV  
  23  2:49  Hellion  
  23  2:50  Starport  
  23  2:51  Reaper  
  27  3:00  SCV  
  28  3:06  Supply Depot  
  28  3:12  SCV  
  31  3:15  Factory Tech Lab  
  29  3:22  Engineering Bay  
  30  3:36  Command Center  
  29  3:42  Cloaking Field  
  29  3:43  Banshee  
  32  3:50  Missile Turret  
  32  3:52  SCV  
  34  3:57  Factory Tech Lab  
  34  4:04  SCV  
  34  4:16  Siege Tank  
  37  4:20  Supply Depot  
  37  4:22  SCV  
  38  4:26  Banshee  
  38  4:30  Missile Turret  
  41  4:35  SCV  
  41  4:36  Marine  
  43  4:48  Orbital Command  
  43  4:53  SCV, Refinery  
  44  5:10  Refinery  
  41  5:21  Siege Tank  
  41  5:26  Banshee  
  47  5:31  Marine  
  47  5:33  SCV  
  49  5:48  Command Center  
  49  5:53  Siege Tank  
  52  6:01  SCV x2  
  54  6:10  Factory  
  43  6:25  Siege Tank  
  43  6:28  SCV  
  43  6:31  SCV  
  51  6:40  SCV  
  51  6:43  SCV  
  51  6:44  Marine  
  54  6:52  SCV  
  55  6:54  Factory Tech Lab  
  55  6:56  SCV, Factory  
  56  7:04  SCV  
Show
View Real Time Build Order
Export as new Build Order

ImbaForceMVP Terran - Winner!

Build Orders: MMM Bio 

Get SALT Encoding   

  12  0:01  SCV  
  13  0:13  SCV  
  14  0:17  Supply Depot  
  14  0:25  SCV  
  15  0:39  SCV  
  15  0:41  Barracks  
  16  0:44  Refinery  
  16  0:51  SCV  
  17  1:00  Barracks  
  17  1:04  SCV  
  18  1:16  SCV  
  19  1:30  Reaper, Orbital Command  
  20  1:36  Supply Depot  
  20  1:48  Reaper  
  21  1:57  SCV  
  22  2:06  Reaper  
  23  2:14  Command Center  
  23  2:16  SCV  
  23  2:21  Barracks Tech Lab  
  24  2:25  Refinery  
  24  2:28  SCV  
  25  2:35  Barracks  
  25  2:38  Barracks Reactor  
  25  2:41  SCV  
  25  2:42  Marine  
  27  2:48  Supply Depot  
  27  2:53  SCV  
  28  3:01  Stimpack  
  28  3:02  Marine  
  28  3:05  SCV  
  30  3:11  Engineering Bay  
  30  3:17  SCV, Marine  
  30  3:19  Marine  
  33  3:25  Marauder  
  34  3:28  Barracks Reactor  
  34  3:36  Orbital Command  
  34  3:39  Marine  
  35  3:41  SCV  
  35  3:47  Terran Infantry Weapons Level 1  
  36  3:49  Marine  
  36  3:51  Marine  
  36  3:53  SCV  
  39  4:02  SCV, Factory  
  40  4:05  SCV  
  41  4:14  Refinery  
  41  4:15  Missile Turret  
  41  4:17  SCV, Missile Turret  
  40  4:19  SCV  
  42  4:28  Missile Turret, Marine x2  
  42  4:29  Marine  
  45  4:31  SCV  
  45  4:33  SCV  
  47  4:38  Marine  
  47  4:43  SCV  
  47  4:45  SCV  
  51  4:47  Factory Reactor  
  51  4:50  Starport  
  51  4:54  Marine x2  
  51  4:55  SCV  
  51  4:58  SCV, Supply Depot  
  54  5:02  Supply Depot  
  54  5:04  Combat Shields  
  54  5:09  Marine  
  54  5:12  SCV  
  54  5:16  SCV  
  54  5:21  Marine x4  
  54  5:25  SCV  
  58  5:29  SCV  
  58  5:33  Medivac x2  
  58  5:34  Factory Tech Lab  
  63  5:38  SCV  
  63  5:41  SCV  
  65  5:43  Marine x5  
  70  5:51  SCV  
  70  5:54  Siege Tank  
  74  5:58  Supply Depot  
  74  6:00  Supply Depot  
  72  6:17  Marine  
  70  6:19  Marine x2  
  70  6:20  SCV x2, Marine x2  
  76  6:31  Command Center  
  76  6:35  Marine  
  76  6:36  Siege Tank, Medivac  
  76  6:37  Medivac  
  84  6:40  SCV  
  84  6:43  Refinery  
  84  6:46  SCV  
  86  6:51  Supply Depot  
  86  6:58  Supply Depot  
Tags
 
Add a new tag
Caveats
  • Supply blocks, unpowered buildings, or Contaminate may cause inaccurate times.
  • Supply counts are checked every 10 seconds.